AoeStats
← enano traumado

Arena

505570697Analyzed
1v1 RM · 23d ago on Sep 10, 2026· 65m 24s· 2 players
Game mode
Random Map
Map size
Tiny (2 player)
Population
200
Speed
Normal
Resources
Standard
Victory
Conquest
Starting age
Dark Age
Ending age
Imperial Age
RankedLock teamsTeams togetherTeam positionsShared explorationLock speedFull tech treeHidden civsTurbo modeCheats
Victory
Defeat
🇦🇺 Romans · Australia
178
+23
🇦🇷 Bohemians · Argentina
354
-23
LaBrioche41
12:45 Feudal Age
13:12 Double-Bit Axe
13:11 Horse Collar
13:33 Gold Mining
14:32 Stone Mining
19:34 Wheelbarrow
24:12 Castle Age
22:36 Scale Mail Armor
22:48 Forging
23:56 Man-at-Arms
25:04 Bow Saw
25:14 Heavy Plow
26:00 Gold Shaft Mining
25:46 Chain Mail Armor
26:08 Iron Casting
27:15 Long Swordsman
29:06 Hand Cart
35:50 Scale Barding Armor
39:06 Imperial Age
38:04 Chain Barding Armor
39:40 Elite Centurion
42:31 Blast Furnace
42:07 Plate Barding Armor
43:10 Fervor
43:18 Block Printing
43:46 Loom
44:40 Crop Rotation
44:44 Ballistics
45:24 Chemistry
44:37 Fortified Wall
44:23 Murder Holes
45:14 Masonry
46:29 Legionary
48:08 Onager
59:14 Devotion
59:25 Siege Engineers
58:45 Heavy Scorpion
60:22 Guilds
enano traumado
12:44 Feudal Age
13:35 Double-Bit Axe
13:31 Horse Collar
14:29 Wheelbarrow
22:41 Castle Age
23:26 Heavy Plow
23:38 Bow Saw
23:54 Hand Cart
24:28 Town Watch
26:03 Town Patrol
26:06 Loom
30:21 Imperial Age
29:41 Fervor
33:46 Two-Man Saw
33:11 Masonry
33:27 Ballistics
34:09 Chemistry
32:51 Treadmill Crane
33:18 Siege Engineers
35:32 Hussite Reforms
39:15 Wagenburg Tactics
38:52 Houfnice
40:20 Cavalier
41:01 Husbandry
43:01 Architecture
42:51 Fortified Wall
43:07 Scale Barding Armor
43:12 Forging
43:03 Scale Mail Armor
45:05 Redemption
44:56 Atonement
45:19 Sanctity
45:15 Atonement
45:56 Illumination
46:13 Theocracy
45:50 Herbal Medicine
46:54 Devotion
47:13 Block Printing
48:46 Faith
49:18 Heresy
Connection lost

Rejoining the realm…

Still unreachable

The connection could not be restored.

Session expired

The server has moved on; the page needs a fresh start.